 Dungeon Crawl Stone Soup version 0.22.0 (webtiles) character file.

109 Peloso the Covered (level 4, -6/40 HPs)
             Began as a Minotaur Fighter on Aug 11, 2018.
             Blown up by Ijyb (20 damage)
             ... with a wand of disintegration (9)
             ... on level 3 of the Dungeon.
             The game lasted 00:05:39 (1578 turns).

Peloso the Covered (Minotaur Fighter)               Turns: 1578, Time: 00:05:39

Health: -6/40      AC:  9    Str: 20    XL:     4   Next: 60%
Magic:  3/3        EV:  5    Int:  5    God:
Gold:   96         SH:  9    Dex: 13    Spells: 3/3 levels left

rFire    . . .     SeeInvis .   a - +0 long sword
rCold    . . .     Gourm    .   c - +0 shield
rNeg     . . .     Faith    .   b - +0 chain mail
rPois    .         Spirit   .   (helmet restricted)
rElec    .         Reflect  .   (no cloak)
rCorr    .         Harm     .   (no gloves)
MR       .....                  (no boots)
Stlth    ..........             (no amulet)
HPRegen  0.13/turn              o - +2 ring of dexterity
MPRegen  0.08/turn              (no ring)

@: no status effects
A: retaliatory headbutt, horns 2
a: no special abilities


You were on level 3 of the Dungeon.
You were hungry.

You visited 1 branch of the dungeon, and saw 3 of its levels.

You collected 96 gold pieces.

Inventory:

Hand Weapons
 a - a +0 long sword (weapon)
Armour
 b - a +0 chain mail (worn)
 c - a +0 shield (worn)
Jewellery
 o - a +2 ring of dexterity (left hand)
Scrolls
 e - 2 scrolls of identify {unknown}
 j - 2 scrolls of teleportation {unknown}
 k - a scroll of immolation {unknown}
 m - 2 scrolls of fear {unknown}
 n - a scroll of magic mapping {unknown}
 q - a scroll of remove curse {unknown}
Potions
 d - a potion of might
 g - a potion of curing {unknown}
 h - a potion of heal wounds {unknown}
 i - 2 potions of resistance {unknown}
 l - a potion of berserk rage {unknown}
 p - a potion of haste {unknown}
 s - a potion of invisibility {unknown}
Comestibles
 f - 3 rations
 r - 2 chunks of flesh


   Skills:
 + Level 4.2 Fighting
 + Level 4.1 Long Blades
 + Level 4.3 Armour
 + Level 0.4 Dodging
 + Level 4.3 Shields


You had 3 spell levels left.
You didn't know any spells.
Your spell library was empty.

Dungeon Overview and Level Annotations

Branches:
Dungeon (3/15)

Altars:
Gozag
Ru
Vehumet

Annotations:
D:3 Ijyb


Innate Abilities, Weirdness & Mutations

You reflexively headbutt those who attack you in melee.
You have a pair of horns on your head.


Message History

Ijyb hits you with a dagger.
The rat bites you but does no damage. x2
You closely miss Ijyb.
Ijyb is almost dead.
Ijyb hits you but does no damage. You block the rat's attack.
The rat barely misses you. Ijyb hits you but does no damage.
You hit Ijyb but do no damage. Your headbutt misses Ijyb.
Ijyb is almost dead.
The rat bites you but does no damage. You block the rat's attack.
You block Ijyb's attack. The worm bites you but does no damage.
You block the rat's attack.
Unknown command.
You hit Ijyb but do no damage.
Ijyb is severely wounded.
You block the rat's attack. Ijyb hits you but does no damage.
The rat bites you but does no damage. You block the rat's attack.
You closely miss Ijyb.
Ijyb is severely wounded.
Ijyb zaps a wand.
You are blasted!
Ouch! That really hurt!
You die...

#...... ........#
##..... ........# #.....
........# #.....
........# #.....
........###########.....
...........##........#.#
......rg...##..........#
#...r@...##.......#..#
####w....##.......#..#
#####.....##...........
#........###...........
#........# #.........>.
#........# ####.......#
#........# #.......#
#...)....# #.......#
#........# #(......#


You could see Ijyb, a worm and 2 rats.

Vanquished Creatures
  An orc wizard (D:3)
  2 adders (D:2)
  5 dart slugs
  A leopard gecko (D:2)
  3 orcs (D:3)
  3 bats
  A giant cockroach (D:1)
  6 hobgoblins
  3 jackals (D:1)
  7 kobolds
  A ball python (D:3)
  3 frilled lizards
  6 goblins
  6 rats
  A plant (D:2)
49 creatures vanquished.

Notes
Turn   | Place    | Note
-------+----------+-------------------------------------------
     0 | D:1      | Peloso the Minotaur Fighter began the quest for the Orb.
     0 | D:1      | Reached XP level 1. HP: 19/19 MP: 0/0
   129 | D:1      | Reached XP level 2. HP: 27/27 MP: 1/1
   337 | D:1      | Reached XP level 3. HP: 24/33 MP: 2/2
   549 | D:2      | Found an opulent altar of Gozag.
   773 | D:2      | Found a radiant altar of Vehumet.
  1000 | D:2      | Found a sacrificial altar of Ru.
  1165 | D:2      | Reached XP level 4. HP: 35/40 MP: 3/3
  1563 | D:3      | Noticed Ijyb
  1578 | D:3      | Blown up by Ijyb

Skill      XL: |  1  2  3  4 |
---------------+-------------+-----
Armour         | 4 |  4.3
Fighting       | 4 |  4.2
Long Blades    | 3 4 |  4.1
Shields        | 4 |  4.3
Dodging        | |  0.4

Action                   |  1- 3 |  4- 6 || total
-------------------------+-------+-------++-------
Melee: Long sword        |   128 |    42 ||   170
       Headbutt          |    14 |     9 ||    23
  Eat: Chunk             |     1 |     1 ||     2
Armor: Scale mail        |    54 |       ||    54
       Chain mail        |    11 |    24 ||    35
Dodge: Dodged            |    34 |     7 ||    41
Block: Shield            |    67 |    24 ||    91
       Rpst.: Long sword |     9 |       ||     9
